cohdb
Replays
Latest Replays
All Replays
Popular Replays
Top Player Replays
Match Explorer
How It Works
Community
CoH3 Stats
Reddit
Sign in to upload your games and track your stats! →
Sign in with Steam
Match 37431316
Unlisted
Match 37431316
Overview
Messages
Build Orders
End
Panzergrenadier Squad
Selects Italian Infantry
Panzergrenadier Squad
250 Light Carrier
Construct Light Support Kompanie
250 Light Carrier
Fire Support Elements
Selects Guastatori Squad
Flakvierling Half-track
Panzerjäger Mechanized Group
Panzerjäger Squad
Selects L6/40 Light Tank Combat Group
Construct Mechanized Kompanie
Selects Towed Cannone da 105/28 Field Howitzer
Towed Cannone da 105/28 Field Howitzer
Vehicle Survival Package
Pak 38 Mechanized Group
Construct Panzerarmee Kommand
Flak 36 Anti-tank Gun Team
Selects Sound the Alarm
Selects Prepared Positions
Panzer III L Medium Tank
Tungsten Core Ammunition
Panzer III L Medium Tank
Guastatori Squad
Selects Obice 305mm Barrage
Boneless
ValiantHawk
MMMerVVV
Ra11
Hawker Typoon
Ju 87 Scuba Dive Boner
0
0
Comments
sign in to comment!
No comments posted yet!